Map: Odyssey LE

Players

TRUE - Winner!

  • Race: Zerg Zerg
  • Spawn Location: 5:00

Scarlett

  • Race: Zerg Zerg
  • Spawn Location: 11:00

Event: WCS Jonkoping 2017

VOD

Have the link to the VOD?

Description

Time

  • Played on: June 17, 2017, 1:35 p.m.
  • Length: 3:56

All games in this series

Show
View Real Time Build Order
Export as new Build Order

TRUE Zerg - Winner!

Build Orders: Pool First 

Get SALT Encoding   

  12  0:00  Drone  
  13  0:12  Overlord  
  13  0:16  Drone  
  14  0:30  Drone x2  
  14  0:35  Drone  
  17  0:39  Extractor  
  16  0:45  Spawning Pool  
  16  0:49  Drone  
  16  0:56  Drone  
  17  1:16  Hatchery  
  16  1:31  Queen  
  18  1:33  Zergling x2  
  19  1:40  Metabolic Boost  
  19  1:44  Zergling x2  
  20  1:49  Zergling x2  
  21  1:59  Zergling x2  
  22  2:02  Baneling Nest  
  21  2:09  Overlord  
  21  2:16  Zergling x2  
  22  2:28  Zergling x4  
  22  2:29  Zergling x2  
  25  2:38  Zergling x2  
  25  2:39  Zergling x2  
  25  2:41  Zergling x2  
  28  2:44  Zergling x2  
  28  2:48  Zergling x2  
  30  2:52  Zergling x2  
  31  3:00  Baneling x3  
  31  3:02  Baneling  
  31  3:06  Zergling x2  
  31  3:09  Zergling x2  
  33  3:13  Zergling x2  
  33  3:17  Baneling  
  33  3:18  Baneling  
  30  3:27  Zergling x4  
  30  3:32  Zergling x2  
  30  3:38  Zergling x2  
Show
View Real Time Build Order
Export as new Build Order

Scarlett Zerg 

Build Orders: Hatch First 

Get SALT Encoding   

  12  0:00  Drone  
  13  0:12  Overlord  
  13  0:17  Drone  
  14  0:31  Drone x2  
  17  0:35  Drone  
  17  0:51  Hatchery  
  17  0:54  Drone  
  17  0:57  Drone  
  17  1:01  Extractor  
  17  1:12  Spawning Pool  
  17  1:16  Drone  
  17  1:19  Drone  
  18  1:28  Drone  
  19  1:38  Overlord  
  19  1:50  Drone  
  20  1:59  Queen  
  20  2:00  Zergling x2  
  23  2:02  Queen  
  23  2:03  Metabolic Boost  
  23  2:07  Zergling x2  
  26  2:10  Zergling x2  
  26  2:14  Drone  
  29  2:22  Drone  
  29  2:32  Drone  
  29  2:34  Drone  
  31  2:47  Drone x2  
  31  2:50  Hatchery  
  32  2:52  Baneling Nest  
  32  2:55  Overlord  
  32  2:57  Zergling x2  
  32  3:01  Drone  
  32  3:05  Zergling x2  
  34  3:10  Zergling x2, Spine Crawler  
  34  3:14  Zergling x2  
  34  3:16  Zergling x2  
  34  3:18  Zergling x2  
  36  3:25  Zergling x2  
  31  3:27  Zergling x2  
  28  3:34  Zergling x2  
  28  3:36  Zergling x2  
Tags
 
Add a new tag
Caveats
  • Supply blocks, unpowered buildings, or Contaminate may cause inaccurate times.
  • Supply counts are checked every 10 seconds.